Baba Jaga, lawful female dwarven Valkyrie ------------ |..........| `#########################...........| ` |........<.| ----|------- ## # ### # # # `### # -.-------.--- |...........| |..^........| I |.II....>...| ##.I..........| ------------- Baba Jaga the Skirmisher Experience level: 4 Strength: 19 Dexterity: 10 Constitution: 20 Intelligence: 10 Wisdom: 7 Charisma: 9 Health: 0(67) Energy: 2(2) Def: 10 Gold: 1313 Moves: 2700 Dungeon seed: Pfn7bXPtzAAwp5wG Game ID: Baba Jaga_1654594828 Your Inventory: Coins $ - 1313 gold pieces Amulets r - a cursed amulet of restful sleep Weapons a - a blessed +1 long sword (weapon in hand) b - an uncursed +0 dagger o - an uncursed +0 orcish dagger t - 8 uncursed +0 darts Armor e - an uncursed +3 small shield (being worn) n - an uncursed +0 orcish helm (being worn) y - an uncursed +0 chain mail (being worn) N - an uncursed +0 Hawaiian shirt (being worn) Comestibles c - 2 uncursed food rations i - an uncursed cream pie k - an uncursed pear l - an uncursed fortune cookie m - an uncursed lichen corpse C - 2 uncursed tripe rations Scrolls f - an uncursed scroll of destroy armor p - an uncursed scroll of scare monster q - a cursed scroll of summoning w - an uncursed scroll of magic mapping Potions g - an uncursed potion of water h - an uncursed potion of gain level j - a cursed potion of hallucination s - a blessed potion of restore ability x - an uncursed potion of sickness A - an uncursed potion of gain ability B - an uncursed potion of booze Tools d - an uncursed oil lamp (0:1359) v - an uncursed tinning kit (0:89) Gems z - an uncursed worthless piece of white glass Y - an uncursed ruby Spells and supernatural/magical abilities: Name Level Category Cost Memory W - pray for help -- divine ? -- Your skills at the end: Fighting Skills wands [Basic] Weapon Skills dagger [Basic] long sword [Basic] Spellcasting Skills Final Attributes: You were piously aligned. You were immune to cold. You were blinded. You had infravision. You were stealthy. Tyr was noncommittal. You are dead. Vanquished creatures: a rock piercer a giant ant a little dog a kitten a homunculus 2 coyotes a hobbit a hobgoblin a cave spider a gnome zombie a gecko 7 jackals a fox 2 goblins 3 sewer rats 3 grid bugs a lichen 2 newts 31 creatures vanquished. Voluntary challenges: You used a wielded weapon 44 times, starting on turn 112. You were illiterate. You never genocided any monsters. You never polymorphed an object. You never changed form. You used no wishes. You never split a pudding. You never wrote Elbereth's name. You never violated your personal moral code. Dungeon overview: The Dungeons of Doom: levels 1 to 9 Level 1 a vault a long staircase Level 2 an altar to Loki, some fountains, a sink, a vault Level 3 a hardware shop, a fountain a long staircase Level 4 a fountain, a sink, a vault Level 5 Level 6 a fountain Level 7 Level 8 Level 9 <- You were here History has recorded: On T:1 you entered the Dungeons of Doom to retrieve the Amulet of Yendor! On T:485 you reached level 2 of The Dungeons of Doom. On T:594 you advanced to experience level 2. On T:860 you reached level 3 of The Dungeons of Doom. On T:1215 you reached level 4 of The Dungeons of Doom. On T:1405 you advanced to experience level 3. On T:1678 you reached level 5 of The Dungeons of Doom. On T:1704 you reached level 6 of The Dungeons of Doom. On T:2195 you reached level 7 of The Dungeons of Doom. On T:2310 you advanced to experience level 4. On T:2348 you reached level 8 of The Dungeons of Doom. On T:2569 you reached level 9 of The Dungeons of Doom. Score breakdown: Gold: 1313 (10608 points) Experience: 4 levels ( 9649 points) Exploration: 9 levels ( 16.98%) (11766 points) Discoveries: 0 items ( 0.00%) ( 0 points) Valuables value: (no points given unless you survive) Artifact value: 0 ( 0 points) Variety of kills: 18 monsters ( 4.74%) ( 6529 points) Turncount: 2700 turns ( -444 points) Survival: died (score multiplied by 80%) Total score: 30486 Latest messages: It bites! It hits! You miss it. It misses. It hits! It bites! It hits! You miss it. It bites! It hits! It bites! It misses. It butts! It misses. (3x) It butts! It kicks! It misses. It just misses! It kicks! It bites! You die... For some reason, you think that you can almost hear the Wizard laugh manically... Final status: Farvel Baba Jaga the Valkyrie, killed by a raven... You died in The Dungeons of Doom on dungeon level 9 with 30486 points, and 1313 pieces of gold, after 2700 moves. You were level 4 with a maximum of 67 hit points when you died.